 Dungeon Crawl Stone Soup version 0.29.0-15-g675c0067aa (webtiles) character file.

Game seed: 17104928311616082929

11 qw the Sneak (level 2, -1/19 HPs)
             Began as a Gargoyle Delver on Sept 11, 2022.
             Slain by an orc wizard
             ... wielding a +0 dagger
              (2 damage)
             ... on level 5 of the Dungeon.
             The game lasted 00:00:01 (31 turns).

qw the Sneak (Gargoyle Delver)                        Turns: 31, Time: 00:00:02

Health: -1/19      AC:  5    Str: 15    XL:     2   Next: 29%
Magic:  2/2        EV: 11    Int: 10    God:
Gold:   0          SH:  0    Dex: 11    Spells: 1/1 levels left

rFire   . . .      SeeInvis .   a - +0 hand axe
rCold   . . .      Faith    .   (no shield)
rNeg    + . .      Spirit   .   b - +0 leather armour
rPois   inf        Reflect  .   (no helmet)
rElec   +          Harm     .   (no cloak)
rCorr   .          Rampage  .   (no gloves)
Will    .....                   (no boots)
Stlth   +.........              (no amulet)
HPRegen 0.06/turn               (no ring)
MPRegen 0.08/turn               (no ring)

@: confused
A: sickness immunity, AC +2, negative energy resistance 1, electricity
resistance, torment resistance 1, petrification resistance
a: no special abilities


You were on level 5 of the Dungeon.
You visited 1 branch of the dungeon, and saw 1 of its levels.


Innate Abilities, Weirdness & Mutations

You are immune to sickness and miasma.
Your stone body is resilient. (AC +2)
You are immune to poison.
You resist negative energy. (rN+)
You are resistant to electric shocks. (rElec)
You are resistant to unholy torment.
You are immune to petrification.


   Skills:
 - Level 3.2 Fighting
 + Level 2.6 Axes
 - Level 1.5 Dodging
 - Level 5.4 Stealth


You had one spell level left.
You didn't know any spells.
Your spell library was empty.

Inventory:

Hand Weapons
 a - a +0 hand axe (weapon)
Armour
 b - a +0 leather armour (worn)
Wands
 g - a wand of digging (3)
Scrolls
 c - a scroll of fog
 d - a scroll of magic mapping
 e - a scroll of fear
Potions
 f - a potion of haste

Dungeon Overview and Level Annotations

Branches:
Dungeon (5/15)
 Temple: D:4-7

Altars:


Message History

The orc hits you with a +0 flail.
You closely miss the orc.
The orc is almost dead.
You hit the adder. You hit the orc. The adder bites you but does no damage.
The orc hits you with a +0 dagger. The orc hits you but does no damage.
You hit the orc.
You kill the orc!
You hit the orc. You closely miss the adder. The adder closely misses you.
The orc closely misses you. The adder barely misses you.
You closely miss the orc.
The orc is almost dead.
You barely miss the orc. You hit the adder. The adder bites you.
The orc hits you but does no damage. x2
You miss the adder.
The adder is severely wounded.
You hit the orc but do no damage. You miss something. The adder bites you.
The orc barely misses you. The orc closely misses you.
The adder bites you but does no damage.
You hit the adder.
The adder is almost dead.
You hit something but do no damage. You hit the orc.
The adder bites you but does no damage. The orc closely misses you.
The orc hits you from afar with a +0 trident.
Something hits you.
You hit the adder but do no damage.
The adder is almost dead.
You barely miss something. You closely miss the orc.
The adder closely misses you. The orc closely misses you.
The orc barely misses you.
You hear some strange, mumbled words.
You are confused.
The adder bites you but does no damage.
The orc hits you from afar with a +0 trident.
The orc hits you but does no damage. Something hits you.
You bump into the metal wall.
The adder bites you but does no damage. The orc hits you but does no damage.
Something hits you.
You die...

#..>.# #....#
...... #....#
...... #....#
...... #....#
#...... #....#
....... #....###
r......
#......##.......
#....#..@oo.....
#.....###So.....
#####.# #......
#.. #..... ###.
####. #. #. ##


You could see an adder, 3 orcs and a quokka.

Vanquished Creatures
  An adder (D:5)
  An orc (D:5)
2 creatures vanquished.

Notes
Turn   | Place    | Note
-------+----------+-------------------------------------------
     0 | D:5      | qw the Gargoyle Delver began the quest for the Orb.
     0 | D:5      | Reached XP level 1. HP: 14/14 MP: 1/1
     0 | D:5      | 0 ||| qw: Version: 0.1-a-118-gb4e7ce6
     0 | D:5      | 0 ||| qw: Game counter: 10490
     0 | D:5      | 0 ||| qw: Always use a shield: true
     0 | D:5      | 0 ||| qw: God list: Okawaru
     0 | D:5      | 0 ||| qw: Allow faded altars: false
     0 | D:5      | 0 ||| qw: Do Orc after D:15 true
     0 | D:5      | 0 ||| qw: Do second Lair branch before Depths: true
     0 | D:5      | 0 ||| qw: Lair rune preference: random
     0 | D:5      | 0 ||| qw: Plans: Normal
     0 | D:5      | 0 ||| PLANNING D:1-11
    14 | D:5      | Noticed an orc wizard
    22 | D:5      | Reached XP level 2. HP: 16/19 MP: 2/2
    30 | D:5      | HP: 2/19 [orc/+0 trident (4)]
    31 | D:5      | Slain by an orc wizard

Levels and vault maps discovered:
D:5:      layout_rooms

Skill      XL: |  1 |
---------------+----+-----
Axes           | 2 |  2.6
Fighting       | |  3.2
Dodging        | |  1.5
Stealth        | |  5.4

Action                   || total
-------------------------++-------
Melee: Hand axe          ||    15
Armor: Leather armour    ||    18
Dodge: Dodged            ||    25

Table legend:
 A = Non-vault XP
 B = Vault XP
 C = Vault XP percentage of total XP
 D = Non-vault monster count
 E = Vault monster count
 F = Vault count percentage of total count
                 A         B        C        D         E       F
            +---------+---------+-------+---------+---------+-------
      Total |      17 |       0 |   0.0 |       2 |       0 |   0.0
            +---------+---------+-------+---------+---------+-------
        D:5 |      17 |       0 |   0.0 |       2 |       0 |   0.0
            +---------+---------+-------+---------+---------+-------
